 Dungeon Crawl Stone Soup version 0.29-a0-322-g68df515428 (webtiles) character file.

Game seed: 3383062388720283310

16093 Flugslaktarn the Transmogrifier (level 12, -1/88 HPs)
             Began as a Human Venom Mage on Apr 7, 2022.
             Was an Elder of Sif Muna.
             Slain by an entropy weaver simulacrum (7 damage)
             ... in an ice cave.
             The game lasted 00:46:22 (6801 turns).

Flugslaktarn the Transmogrifier (Human Venom Mage)  Turns: 6801, Time: 00:46:23

Health: -1/88      AC: 13    Str:  9    XL:     12   Next: 65%
Magic:  24/24      EV: 13    Int: 33    God:    Sif Muna [****..]
Gold:   615        SH:  0    Dex: 13    Spells: 13/27 levels left

rFire   x . .      SeeInvis .   a - +4 fustibalus (venom)
rCold   + . .      Faith    .   (no shield)
rNeg    . . .      Spirit   .   j - +2 robe of the Equator {Rampage rF- Regen+ Int+6}
rPois   .          Reflect  .   f - +2 helmet
rElec   .          Harm     .   (no cloak)
rCorr   .          Rampage  +   B - +2 pair of gloves
Will    .....                   V - +2 pair of boots
Stlth   ++........              (no amulet)
HPRegen 1.04/turn               F - +6 ring of intelligence
MPRegen 0.19/turn               p - ring of protection from cold

@: no status effects
A: no striking features
a: Renounce Religion, Channel Magic, Forget Spell, Divine Exegesis


You were in an ice cave.
You worshipped Sif Muna.
Sif Muna was greatly pleased with you.
You visited 3 branches of the dungeon, and saw 14 of its levels.
You also visited: Ossuary and Ice Cave.

You collected 1330 gold pieces.
You spent 715 gold pieces at shops.

Inventory:

Hand Weapons
 a - a +4 fustibalus of venom (weapon)
   (You found it on level 4 of the Dungeon)
 b - a +4 rapier of venom
   (You took it off Eustachio on level 5 of the Dungeon)
Missiles
 h - 2 javelins
 s - 6 curare-tipped darts
 A - 8 boomerangs
 U - 5 throwing nets
Armour
 e - the +0 leather armour of the Sacrificial Victim {rElec Regen+ Str+6 Int-4}
   (You found it on level 9 of the Dungeon)

   Str:       It affects your strength (+6).
   Int:       It affects your intelligence (-4).
   rElec:     It insulates you from electricity.
   Regen:     It increases your rate of health regeneration.
 f - a +2 helmet (worn)
   (You found it on level 3 of the Dungeon)
 j - the +2 robe of the Equator (worn) {Rampage rF- Regen+ Int+6}
   (You found it on level 2 of the Dungeon)

   Int:       It affects your intelligence (+6).
   rF:        It makes you vulnerable to fire.
   Regen:     It increases your rate of health regeneration.
   Rampage:   It bestows one free step when moving towards enemies.
 k - the +2 leather armour of Vanity {rCorr}
   (You found it on level 3 of the Dungeon)

   rCorr:     It protects you from acid and corrosion.
 m - a +0 kite shield
   (You found it on level 1 of the Dungeon)
 B - a +2 pair of gloves (worn)
   (You found it on level 4 of the Dungeon)
 S - a +1 robe of resistance
   (You found it on level 9 of the Dungeon)
 T - a +0 buckler
   (You found it on level 11 of the Dungeon)
 V - a +2 pair of boots (worn)
   (You found it on level 11 of the Dungeon)
Magical Staves
 H - a staff of air
   (You took it off a centaur on level 7 of the Dungeon)
 R - a staff of earth
   (You found it on level 9 of the Dungeon)
Jewellery
 p - a ring of protection from cold (right hand)
   (You found it on level 3 of the Dungeon)
 v - a +4 ring of evasion
   (You found it on level 5 of the Dungeon)
 y - a ring of magical power
   (You found it on level 4 of the Dungeon)
 F - a +6 ring of intelligence (left hand)
   (You found it on level 1 of the Dungeon)
 L - a +6 ring of dexterity
   (You found it on level 8 of the Dungeon)
 N - a ring of positive energy
   (You found it on level 1 of the Lair of Beasts)
 O - a ring of flight
   (You found it in an ossuary)
Wands
 u - a wand of paralysis (4)
   (You found it on level 12 of the Dungeon)
 C - a wand of iceblast (8)
   (You found it on level 8 of the Dungeon)
 Q - a wand of flame (4)
   (You found it on level 9 of the Dungeon)
Scrolls
 c - 4 scrolls of magic mapping
 g - 3 scrolls of vulnerability
 i - 2 scrolls of immolation
 r - 2 scrolls of identify
 t - 3 scrolls of teleportation
 z - 4 scrolls of noise
 I - 4 scrolls of holy word
 K - 3 scrolls of amnesia
 P - 4 scrolls of fog
Potions
 d - a potion of might
 l - 2 potions of brilliance
 n - 2 potions of resistance
 o - 3 potions of flight
 q - 8 potions of curing
 w - a potion of heal wounds
 x - 2 potions of invisibility
 D - 3 potions of attraction
 E - a potion of berserk rage
 G - 3 potions of cancellation
 J - 2 potions of lignification
 M - 2 potions of ambrosia


   Skills:
 - Level 6.0 Fighting
 - Level 6.0 Slings
 - Level 4.0 Dodging
 - Level 2.0 Stealth
 - Level 8.0 Spellcasting
 + Level 9.2 Transmutations
 - Level 8.0 Air Magic
 + Level 4.3 Earth Magic
 - Level 7.0 Poison Magic
 - Level 6.0 Invocations


You had 13 spell levels left.
You knew the following spells:

 Your Spells              Type           Power      Damage    Failure   Level
a - Sting                 Tmut/Pois      100%       1d8       1%          1
b - Poisonous Vapours     Pois/Air       100%       N/A       1%          2
c - Mephitic Cloud        Conj/Pois/Air  46%        N/A       1%          3
d - Olgreb's Toxic Radia  Pois           56%        N/A       1%          4
e - Summon Lightning Spi  Summ/Air       39%        N/A       7%          4

Your spell library contained the following spells:

 Spells                   Type           Power      Damage    Failure   Level
 Shock                    Conj/Air       100%       1d9       1%          1
 Swiftness                Air            61%        N/A       1%          3
 Airstrike                Air            30%        N/A       1%          4
 Blink                    Tloc           26%        N/A       5%          2
 Dazzling Flash           Conj/Hex       26%        N/A       11%         3
 Gell's Gravitas          Tloc           13%        N/A       11%         3
 Teleport Other           Tloc           13%        N/A       11%         3
 Leda's Liquefaction      Hex/Erth       13%        N/A       14%         4
 Lee's Rapid Deconstruct  Erth           20%        3d13*     16%         5
 Lightning Bolt           Conj/Air       19%        1d34      19%         5
 Silence                  Hex/Air        19%        N/A       19%         5
 Statue Form              Tmut/Erth      36%        N/A       32%         6
 Storm Form               Tmut/Air       31%        N/A       63%         7
 Agony                    Necr           13%        N/A       67%         5
 Manifold Assault         Tloc           13%        N/A       67%         5
 Dispersal                Tloc           6%         N/A       99%         6


Dungeon Overview and Level Annotations

Branches:
Dungeon (12/15)            Temple (1/1) D:7            Lair (1/6) D:11
Ossuary (visited)           IceCv (1/1)
    Orc: D:9-12

Altars:
Ashenzari
Cheibriados
Dithmenos
Elyvilon
Fedhas
Gozag
Makhleb
Nemelex Xobeh
Okawaru
Qazlal
Ru
Sif Muna
Trog
Uskayaw
Vehumet
Wu Jian
Xom
Yredelemnul
Zin
The Shining One

Shops:
D:3 ?

Annotations:
D:5 2 transporters, A55's ghost, novice DEAM


Message History

Found a frozen archway.
You're wearing all the rings you can.
Remove which one? (? for menu, Esc to cancel) < or
F - a +6 ring of intelligence; > or
y - a ring of magical power You remove your ring of magical power.
You feel your magic capacity decrease.
p - a ring of protection from cold (right hand)
There is a stone staircase leading down here.
Found a scale mail.
You hear the faint crackling of a melting archway very nearby.
Found a potion of invisibility.
D - 3 potions of attraction (gained 1)
Found 9 gold pieces.
You now have 615 gold pieces (gained 9).
C - a wand of iceblast (8) (gained 5 charges)
x - 2 potions of invisibility (gained 1)
There is a frozen archway here.
The world spins around you as you enter the gateway.
You enter an ice cave!
Found an ice covered gate leading back out of this place.
There is an ice choked empty arch of ancient stone here.
Unknown command.
You shoot a sling bullet.
The sling bullet hits the glowing shapeshifter simulacrum.
The glowing shapeshifter simulacrum is lightly damaged.
You shoot a sling bullet.
The sling bullet hits the glowing shapeshifter simulacrum.
The glowing shapeshifter simulacrum is moderately damaged.
You shoot a sling bullet.
The sling bullet hits the glowing shapeshifter simulacrum!
The glowing shapeshifter simulacrum is heavily damaged.
You shoot a sling bullet.
The sling bullet barely misses the glowing shapeshifter simulacrum.
You shoot a sling bullet.
The sling bullet hits the glowing shapeshifter simulacrum.
The glowing shapeshifter simulacrum is severely damaged.
The glowing shapeshifter simulacrum hits you.
The glowing shapeshifter simulacrum freezes you!
You resist.
You shoot a sling bullet.
The sling bullet barely misses the glowing shapeshifter simulacrum.
The glowing shapeshifter simulacrum closely misses you.
You shoot a sling bullet.
The sling bullet hits the glowing shapeshifter simulacrum.
The glowing shapeshifter simulacrum is severely damaged.
The glowing shapeshifter simulacrum hits you but does no damage.
You shoot a sling bullet.
The sling bullet hits the glowing shapeshifter simulacrum!
The glowing shapeshifter simulacrum vaporises!
Sif Muna accepts your kill.
Unknown command.
An entropy weaver simulacrum comes into view.
Okay, then.
You shoot a sling bullet.
The sling bullet hits the entropy weaver simulacrum!
The entropy weaver simulacrum is moderately damaged.
You shoot a sling bullet.
The sling bullet closely misses the entropy weaver simulacrum.
The entropy weaver simulacrum hits you.
The entropy weaver simulacrum freezes you!!
You resist.
The entropy weaver simulacrum hits you but does no damage.
The entropy weaver simulacrum hits you.
The entropy weaver simulacrum freezes you!
You resist.
The entropy weaver simulacrum barely misses you. x2
The entropy weaver simulacrum hits you.
The entropy weaver simulacrum freezes you!
You resist. The entropy weaver simulacrum hits you.
The entropy weaver simulacrum freezes you!
You resist.
* * * LOW HITPOINT WARNING * * *
The entropy weaver simulacrum hits you but does no damage.
Unknown command.
Okay, then.
Unknown command.
Unknown command.
You feel much better.
The entropy weaver simulacrum closely misses you.
The entropy weaver simulacrum hits you.
The entropy weaver simulacrum freezes you!!
You resist.
The entropy weaver simulacrum hits you but does no damage. x2
Okay, then.
Okay, then.
Aiming: Paralyse
Press: ? - help, Shift-Dir - straight line, f/p - entropy weaver simulacrum
Aim: an entropy weaver simulacrum (moderately damaged, chance to affect: 50%)
The entropy weaver simulacrum resists with significant effort.
The entropy weaver simulacrum hits you.
The entropy weaver simulacrum freezes you!
You resist.
* * * LOW HITPOINT WARNING * * *
The entropy weaver simulacrum hits you.
* * * LOW HITPOINT WARNING * * *
The entropy weaver simulacrum freezes you!
You resist.
* * * LOW HITPOINT WARNING * * *
The entropy weaver simulacrum hits you but does no damage.
The entropy weaver simulacrum hits you!
You die...

.# .# ..
.# ###
..# ##.##
#.#
#...##..#
#∩∩..@..#
#...##Z.#
##.## #.#
### ..#
.# .# .
.#


You could see an entropy weaver simulacrum.

Vanquished Creatures
  Harold (D:11)
  4 two-headed ogres
  Sonja (D:10)
  2 cyclopes
  A manticore (D:7)
  An ice statue (D:9)
  A cane toad (Lair:1)
  Psyche (D:10)
  A komodo dragon (Lair:1)
  A hornet (D:10)
  Grinder (D:3)
  2 shadows
  Eustachio (D:5)
  2 wraiths
  A wyvern (D:9)
  15 yaks
  A steam dragon (D:9)
  Menkaure (D:5)
  3 water moccasins
  4 orc warriors
  2 ice beasts
  3 black bears
  3 sky beasts
  3 ogres
  5 centaurs
  A phantom (D:6)
  3 kobold brigands
  Blork the orc (D:6)
  6 bullfrogs
  2 necrophages (D:7)
  An elf zombie (Ossuary)
  A glowing shapeshifter simulacrum (IceCv)
  A scorpion (D:6)
  A wight (D:6)
  6 killer bees
  A howler monkey (D:7)
  2 jellies
  2 orc priests (D:7)
  4 hounds
  A human zombie (Ossuary)
  3 gnoll shamans (D:7)
  8 orc wizards
  Terence (D:3)
  An iguana (D:7)
  3 mummies (Ossuary)
  11 gnolls
  6 adders
  2 shadow imps
  A white imp (D:5)
  2 ufetubi
  A dart slug (D:4)
  32 orcs
  11 endoplasms
  A giant cockroach (D:1)
  2 gnoll zombies (Ossuary)
  7 hobgoblins
  5 jackals
  21 kobolds
  3 quokkas
  6 ball pythons
  4 bats
  6 frilled lizards
  4 goblins (D:4)
  2 goblin zombies (Ossuary)
  2 hobgoblin zombies (Ossuary)
  3 kobold zombies (Ossuary)
  An orc zombie (Ossuary)
  14 rats
  A spectral goblin (D:1)
258 creatures vanquished.

Vanquished Creatures (collateral kills)
  Josephine (D:11)
  2 skeletal warriors (D:11)
  4 wraiths (D:11)
  An acid dragon (D:11)
8 creatures vanquished.

Vanquished Creatures (others)
  5 plants (D:11)
5 creatures vanquished.

Grand Total: 271 creatures vanquished

Notes
Turn   | Place    | Note
-------+----------+-------------------------------------------
     0 | D:1      | Flugslaktarn the Human Venom Mage began the quest for the
                  | Orb.
     0 | D:1      | Reached XP level 1. HP: 13/13 MP: 3/3
   111 | D:1      | Reached XP level 2. HP: 10/19 MP: 3/5
   119 | D:1      | Reached skill level 2 in Transmutations
   122 | D:1      | Learned a level 2 spell: Poisonous Vapours
   298 | D:1      | Found a faded altar of an unknown god.
   409 | D:2      | Reached skill level 1 in Air Magic
   409 | D:2      | Reached XP level 3. HP: 8/24 MP: 3/6
   517 | D:2      | Learned a level 3 spell: Mephitic Cloud
   564 | D:2      | Identified the +2 robe of the Equator {Rampage rF- Regen+
                  | Int+6}
   652 | D:3      | Noticed Terence
   664 | D:3      | Noticed Grinder
  1033 | D:3      | Reached XP level 4. HP: 25/30 MP: 2/7
  1197 | D:4      | Reached XP level 5. HP: 35/35 MP: 2/9
  1387 | D:3      | Found a hide-covered altar of Uskayaw.
  1402 | D:3      | Killed Grinder
  1403 | D:3      | Reached skill level 5 in Poison Magic
  1403 | D:3      | Reached XP level 6. HP: 41/41 MP: 7/12
  1414 | D:3      | Identified the +2 leather armour of Vanity {rCorr}
  1481 | D:3      | Learned a level 4 spell: Olgreb's Toxic Radiance
  1489 | D:3      | Found Kurics's Magic Scroll Emporium.
  1503 | D:3      | Killed Terence
  1520 | D:4      | Noticed a black bear
  1635 | D:4      | Noticed a black bear
  1643 | D:4      | Killed a black bear
  1644 | D:4      | Reached skill level 1 in Fighting
  1644 | D:4      | Reached XP level 7. HP: 46/49 MP: 11/13
  2040 | D:5      | Entered Level 5 of the Dungeon
  2065 | D:5      | Reached XP level 8. HP: 58/58 MP: 14/14
  2092 | D:5      | Noticed Eustachio
  2136 | D:5      | Reached skill level 1 in Slings
  2179 | D:4      | You fall into a shaft and drop 3 floors!
  2190 | D:7      | Noticed a cyclops
  2273 | D:7      | Killed a cyclops
  2309 | D:7      | Reached XP level 9. HP: 42/65 MP: 0/15
  2320 | D:7      | Found a staircase to the Ecumenical Temple.
  2337 | Temple   | Entered the Ecumenical Temple
  2501 | Temple   | Became a worshipper of Sif Muna the Loreminder
  2591 | D:6      | Noticed Blork the orc
  2598 | D:6      | Reached skill level 5 in Slings
  2614 | D:5      | Noticed Menkaure
  2629 | D:5      | Killed Menkaure
  2690 | D:5      | Found a transporter.
  2696 | D:5      | Found a transporter.
  2698 | D:5      | Noticed A55's ghost (novice DEAM)
  2813 | D:5      | Killed Eustachio
  2894 | D:6      | Killed Blork the orc
  2950 | D:7      | Reached skill level 5 in Fighting
  2969 | D:7      | Noticed a manticore
  3030 | D:6      | Reached skill level 1 in Invocations
  3086 | D:6      | Reached skill level 5 in Spellcasting
  3111 | D:6      | Reached XP level 10. HP: 59/76 MP: 16/17
  3129 | D:6      | Reached * piety under Sif Muna
  3593 | D:7      | Killed a manticore
  3594 | D:7      | Reached skill level 5 in Invocations
  3671 | D:7      | Noticed a two-headed ogre
  3691 | D:7      | Killed a two-headed ogre
  4015 | D:8      | Found a sand-covered staircase.
  4133 | D:8      | Reached skill level 3 in Transmutations
  4144 | D:8      | Reached ** piety under Sif Muna
  4145 | D:8      | Reached XP level 11. HP: 67/81 MP: 18/21
  4156 | Ossuary  | Entered an ossuary
  4308 | Ossuary  | Reached skill level 4 in Transmutations
  4803 | D:3      | Bought a scroll of acquirement for 572 gold pieces
  4803 | D:3      | Acquired 549 gold pieces
  4805 | D:3      | Bought a scroll of identify for 22 gold pieces
  4805 | D:3      | Bought a scroll of teleportation for 33 gold pieces
  4805 | D:3      | Bought a scroll of fog for 22 gold pieces
  4805 | D:3      | Bought a scroll of identify for 22 gold pieces
  4807 | D:3      | Bought a scroll of identify for 22 gold pieces
  4807 | D:3      | Bought a scroll of identify for 22 gold pieces
  4993 | D:10     | Entered Level 10 of the Dungeon
  5012 | D:9      | Reached skill level 5 in Transmutations
  5012 | D:9      | Reached skill level 5 in Air Magic
  5274 | D:9      | Identified the +0 chain mail "Jeanlat" {rElec Will- Regen+
                  | rCorr}
  5338 | D:9      | Reached *** piety under Sif Muna
  5339 | D:9      | Reached skill level 6 in Transmutations
  5459 | D:9      | Identified the +0 leather armour of the Sacrificial Victim
                  | {rElec Regen+ Str+6 Int-4}
  5506 | D:10     | Noticed a two-headed ogre
  5511 | D:10     | Noticed a two-headed ogre
  5520 | D:10     | Killed a two-headed ogre
  5557 | D:10     | Reached skill level 7 in Transmutations
  5570 | D:10     | Killed a two-headed ogre
  5791 | D:10     | Noticed a two-headed ogre
  5804 | D:10     | Noticed Psyche
  5809 | D:10     | Killed a two-headed ogre
  5810 | D:10     | Reached XP level 12. HP: 85/88 MP: 18/22
  5818 | D:10     | Killed Psyche
  5867 | D:10     | Found a sacrificial altar of Ru.
  5894 | D:10     | Noticed Sonja
  5901 | D:10     | Killed Sonja
  5902 | D:10     | Reached skill level 8 in Transmutations
  5929 | D:10     | Learned a level 4 spell: Summon Lightning Spire
  6179 | D:11     | Reached skill level 1 in Earth Magic
  6230 | D:11     | Noticed Josephine
  6247 | D:11     | Killed Josephine
  6249 | D:11     | Reached **** piety under Sif Muna
  6306 | D:11     | Noticed a skeletal warrior
  6306 | D:11     | Noticed a skeletal warrior
  6311 | D:11     | Noticed a skeletal warrior
  6365 | D:11     | Killed a skeletal warrior
  6430 | D:11     | Noticed Harold
  6438 | D:11     | Killed Harold
  6531 | D:11     | Found a staircase to the Lair.
  6563 | D:11     | Killed a skeletal warrior
  6564 | D:11     | Reached skill level 9 in Transmutations
  6651 | Lair:1   | Entered Level 1 of the Lair of Beasts
  6745 | Lair:1   | Found a frozen archway.
  6786 | IceCv    | Entered an ice cave
  6801 | IceCv    | Slain by an entropy weaver simulacrum

Illustrated notes

Levels and vault maps discovered:
D:1:      dpeg_arrival_prison, layout_rooms,
          dreamdust_ecumenical_altar_drowned_temple,
          hangedman_abyss_or_decor_lesser_grid
D:2:      layout_rooms
D:3:      layout_rooms, worldfamousw_hep_ancestral_shrine,
          mainiacjoe_overflow_cross_hatched, serial_shops,
          nicolae_shop_behind_doors, uniq_grinder, uniq_terence
D:4:      minmay_razor_zed, layout_basic, chequers_serial_rivers_room_a
D:5:      layout_rooms, gammafunk_ghost_stat_death, minmay_misc_feat_iff,
          uniq_menkaure, uniq_eustachio
D:6:      layout_basic, uniq_blork_the_orc, uniq_pikel, uniq_crazy_yiuf_cottage
D:7:      layout_rooms, minmay_temple_entry_waves, minmay_the_grid_2x2
          [minmay_the_grid_plusring, minmay_the_grid_pillar_ring,
          minmay_the_grid_rooms, minmay_the_grid_prize_four_corners]
D:8:      layout_loops_cross, nicolae_ossuary_entry_false_entrances, eino_jars
D:9:      layout_roguey, grunt_ministairs_3, minivault_15
D:10:     layout_irregular_city, lemuel_coloured_pillars_altar,
          hangedman_decor_growths, uniq_psyche, uniq_sonja
D:11:     nicolae_cairo_tiling, layout_loops_ring, dpeg_oklobed_lair,
          uniq_josephine, uniq_harold
D:12:     kennysheep_six_static_rooms, layout_rooms,
          kennysheep_orc_monster_closet_entryway, ebering_ghost_disaster_area
Temple:   mainiacjoe_temple_bowtie_tessellation
Lair:1:   layout_chaotic_city, portal_ice_cave_entry_pillars_1
IceCv:    ice_cave_hellmonk_azure_passage

Skill      XL: |  1  2  3  4  5  6  7  8  9 10 11 12 |
---------------+-------------------------------------+-----
Transmutations | 2 3 7 9 |  9.2
Air Magic      | 1 2 3 7 8 |  8.0
Spellcasting   | 4 5 7 8 |  8.0
Poison Magic   | 5 6 7 |  7.0
Fighting       | 1 3 4 5 6 |  6.0
Dodging        | 3 4 |  4.0
Slings         | 4 6 |  6.0
Invocations    | 2 6 |  6.0
Earth Magic    | 4 |  4.3
Stealth        | |  2.0

Action                   |  1- 3 |  4- 6 |  7- 9 | 10-12 || total
-------------------------+-------+-------+-------+-------++-------
Melee: Unarmed           |    19 |       |       |       ||    19
       Short sword       |    15 |     2 |       |       ||    17
       Long sword        |       |    18 |    15 |       ||    33
       Punch             |       |       |     1 |       ||     1
       Fustibalus        |       |       |       |     2 ||     2
 Fire: Fustibalus        |       |       |   153 |   453 ||   606
Throw: Dart              |       |       |     3 |     1 ||     4
       Boomerang         |       |       |     1 |       ||     1
 Cast: Sting             |    66 |    38 |    61 |     8 ||   173
       Poisonous Vapours |     3 |     3 |    29 |    53 ||    88
       Mephitic Cloud    |     1 |     2 |     6 |    18 ||    27
       Olgreb's Toxic Ra |       |     1 |    10 |    53 ||    64
       Summon Lightning  |       |       |       |    13 ||    13
Evoke: Wand              |       |       |       |     5 ||     5
  Use: Potion            |     4 |       |     3 |     5 ||    12
       Scroll            |     1 |     8 |     8 |    22 ||    39
 Stab: Confused          |       |     1 |       |       ||     1
       Sleeping          |       |     1 |       |       ||     1
Armor: Robe              |    15 |    10 |    73 |    95 ||   193
       Skin              |     5 |       |       |       ||     5
Dodge: Dodged            |    65 |    19 |   142 |   204 ||   430

Table legend: (Time is in decaauts)
 A = Elapsed time spent in this place.
 B = Non-inter-level travel time spent in this place.
 C = Inter-level travel time spent in this place.
 D = Time resting spent in this place.
 E = Time spent auto-exploring this place.
 F = Levels seen in this place.
 G = Mean time per level.
                   A        B        C        D        E       F      G
               +--------+--------+--------+--------+--------+-----+--------+
         Total |   7053 |   6506 |    547 |     31 |      0 |  16 |  440.8 |
       Dungeon |   6302 |   5781 |    521 |     31 |      0 |  12 |  525.2 |
        Temple |    192 |    166 |     26 |      0 |      0 |   1 |  192.0 |
          Lair |    135 |    135 |      0 |      0 |      0 |   1 |  135.0 |
       Ossuary |    404 |    404 |      0 |      0 |      0 |   1 |  404.0 |
      Ice Cave |     17 |     17 |      0 |      0 |      0 |   1 |   17.0 |
               +--------+--------+--------+--------+--------+-----+--------+

Top non-repeatable levels by time:
     D:7: 871 daAuts
     D:4: 767 daAuts
     D:9: 637 daAuts
    D:11: 580 daAuts
    D:10: 563 daAuts
     D:6: 526 daAuts
     D:1: 515 daAuts
     D:2: 479 daAuts
     D:8: 477 daAuts
     D:5: 446 daAuts
     D:3: 411 daAuts
 Ossuary: 404 daAuts
  Temple: 192 daAuts
  Lair:1: 135 daAuts
    D:12: 24 daAuts
